 Dungeon Crawl Stone Soup version 0.31-a0-441-g867994ef1c (webtiles) character file.

Game seed: 4940761713187007563

32 lunkers the Insei (level 3, -9/29 HPs)
             Began as a Meteoran Shapeshifter on Aug 2, 2023.
             Was a Follower of Wu Jian.
             Mangled by a gnoll
             ... wielding a +0 halberd
              (12 damage)
             ... on level 2 of the Dungeon.
             The game lasted 00:01:17 (549 turns).

lunkers the Insei (Meteoran Shapeshifter)            Turns: 549, Time: 00:01:17

Health: -9/29      AC:  2    Str: 16    XL:     3   Next: 64%
Magic:  4/4        EV: 13    Int:  9    God:    Wu Jian [*.....]
Gold:   33         SH:  0    Dex: 17    Spells: 2/2 levels left

rFire   . .          .
                       - Unarmed
rCold   . . .        (no shield)
rNeg    . . .        a - +0 animal skin
rPois   .            (helmet currently unavailable)
rElec   .            (cloak currently unavailable)
rCorr   .            (gloves currently unavailable)
SInv    .            (boots currently unavailable)
Will    .....        (no amulet)
Stlth   +            (no ring)
HPRegen 0.24/turn    (no ring)
MPRegen 0.09/turn

%: no passive effects
@: beast-form, glowing
A: beast (slay +2), sense surroundings 1, otherworldly, glowing, explore regen
a: Begin Untransformation, Renounce Religion


You were on level 2 of the Dungeon.
You worshipped Wu Jian.
Wu Jian was aware of your devotion.
You were a hulking beast.
You visited 1 branch of the dungeon, and saw 2 of its levels.

You collected 33 gold pieces.

Inventory:

Armour
 a - a +0 animal skin (worn)
Jewellery
 d - a ring of ice
 i - an amulet of reflection
Talismans
 c - a beast talisman (active)
Scrolls
 e - 3 scrolls of noise {unknown}
 f - 3 scrolls of identify {unknown}
 k - a scroll of immolation {unknown}
Potions
 b - a potion of lignification
 g - a potion of curing {unknown}
 h - a potion of brilliance {unknown}
 j - a potion of heal wounds {unknown}


   Skills:
 + Level 2.0 Fighting
 + Level 3.0 Dodging
 + Level 4.0 Unarmed Combat
 + Level 3.9 Shapeshifting


You had 2 spell levels left.
You didn't know any spells.
Your spell library was empty.

Dungeon Overview and Level Annotations

Branches:
Dungeon (2/15) Zot: 654

Altars:
Wu Jian

Shops:
D:1 [


Innate Abilities, Weirdness & Mutations

You are a hulking beast.
Your limbs bulge with bestial killing power. (Slay +2)
You passively map a small area around you.
You are easily found by Zot.
You glow in the dark.
You regain HP and MP as you explore.


Message History

A gnoll comes into view. It is wielding a +0 halberd.
The gnoll closely misses you. The gnoll misses you.
There are monsters nearby!
You punch the gnoll!
You kill the gnoll!
The Council accepts your kill. The gnoll barely misses you.
Your Dodging skill increases to level 3!
Your Unarmed Combat skill increases to level 4!
A rat comes into view.
The gnoll misses you. The gnoll hits you with a +0 spear!
* * * LOW HITPOINT WARNING * * *
Things that are here:
a +0 flail; a gnoll corpse The gnoll attacks as you move away!
The gnoll closely misses you.
The gnoll hits you from afar with a +0 halberd!
* * * LOW HITPOINT WARNING * * *
The gnoll misses you.
A giant cockroach comes into view.
Okay, then.
The rat twitches its whiskers.
A kobold comes into view. It is wielding a +0 club.
The kobold shouts!
Found a rat skeleton.
You lunge at the kobold.
You punch the kobold!
You kill the kobold!
The Council accepts your kill.
The gnoll hits you from afar with a +0 halberd!
* * * LOW HITPOINT WARNING * * *
Your Fighting skill increases to level 2!
You lunge at the gnoll.
You punch the gnoll!
The gnoll is severely wounded.
The gnoll closely misses you.
The gnoll hits you from afar with a +0 spear.
* * * LOW HITPOINT WARNING * * *
You see here a +0 club.
You hit the gnoll but do no damage.
The gnoll is severely wounded.
The gnoll hits you with a +0 halberd!
You die...

###r###.# #.# *
#.# #. #.# ,
#B###.###.#
***#..........#
...........##
,*###...##.##r#
######,##g# *
***, #g# * *
#h# , , #.# , ,
#.# รท.......#
..#.##### , , *
* *


You could see 2 gnolls and a rat.

Vanquished Creatures
  A gnoll (D:2)
  A dart slug (D:2)
  3 ball pythons
  3 endoplasms
  A giant cockroach (D:1)
  A hobgoblin (D:1)
  3 kobolds
  A quokka (D:2)
  3 bats (D:1)
  A frilled lizard (D:1)
  A rat (D:2)
19 creatures vanquished.

Notes
Turn   | Place    | Note
-------+----------+-------------------------------------------
     0 | D:1      | lunkers the Meteoran Shapeshifter began the quest for the
                  | Orb.
     0 | D:1      | Reached XP level 1. HP: 16/16 MP: 2/2
   127 | D:1      | Reached XP level 2. HP: 23/23 MP: 3/3
   235 | D:1      | Found Jenytech's Antique Armour Boutique.
   245 | D:1      | Found a faded altar of an unknown god.
   253 | D:1      | Prayed at the altar of an unknown god.
   253 | D:1      | Became a worshipper of the Wu Jian Council
   253 | D:1      | Reached * piety under Wu Jian
   379 | D:2      | Reached XP level 3. HP: 26/28 MP: 4/4
   518 | D:2      | Reached skill level 4 in Unarmed Combat
   549 | D:2      | Mangled by a gnoll

Illustrated notes

Levels and vault maps discovered:
D:1:      shiori_shiawase, layout_loops_ring, serial_shops, shop,
          ebering_ecumenical_altar_petrified
D:2:      layout_loops_corners, lexackson_kobold_supper

Skill      XL: |  1  2  3 |
---------------+----------+-----
Dodging        | 3 |  3.0
Unarmed Combat | 4 |  4.0
Fighting       | 2 |  2.0
Shapeshifting  | |  3.9

Action                     || total
---------------------------++-------
  Melee: Unarmed           ||    58
         Punch             ||     2
Ability: Lunge             ||     6
 Armour: Animal skin       ||     8
  Dodge: Dodged            ||    34

Table legend: (Time is in decaauts)
 A = Elapsed time spent in this place.
 B = Non-inter-level travel time spent in this place.
 C = Inter-level travel time spent in this place.
 D = Time resting spent in this place.
 E = Time spent auto-exploring this place.
 F = Levels seen in this place.
 G = Mean time per level.
                   A        B        C        D        E       F      G
               +--------+--------+--------+--------+--------+-----+--------+
         Total |    544 |    530 |     14 |      0 |    383 |   2 |  272.0 |
       Dungeon |    544 |    530 |     14 |      0 |    383 |   2 |  272.0 |
               +--------+--------+--------+--------+--------+-----+--------+

Top non-repeatable levels by time:
     D:1: 328 daAuts
     D:2: 216 daAuts
